cohdb
Replays
Latest Replays
All Replays
Popular Replays
Top Player Replays
Match Explorer
How It Works
Community
CoH3 Stats
Reddit
Sign in to upload your games and track your stats! →
Sign in with Steam
Match 27682584
Unlisted
Match 27682584
Overview
Messages
Build Orders
End
Vickers Machine Gun Team
Construct Section Command Post
Infantry Section
Infantry Section
Grenade Package
Vickers Machine Gun Team
Selects Indian Artillery Battlegroup
Selects Towed ML 4.2-inch Heavy Mortar
Towed ML 4.2-inch Heavy Mortar
Selects Valour
Construct Platoon Command Post
AI Takeover
kila
著名指挥官白吉尔
Fank
pongcom2522
Chuck
ManKo
MMMMMMMMMMMM
Ragnar Lothbrok
0
0
Comments
sign in to comment!
No comments posted yet!